[Event "Live Chess"]
[Site "Chess.com"]
[Date "2020.04.05"]
[Round "?"]
[White "Ranganathan, Ananta"]
[Black "M. Zhang, Michael"]
[Result "1-0"]
[WhiteElo "1367"]
[BlackElo "977"]
[PlyCount "55"]
[EventDate "2020.??.??"]
[TimeControl "5400+30"]

1. Nf3 Nf6 2. g3 Nc6 3. Bg2 e5 4. c4 Bc5 5. Nc3 Ng4 6. O-O O-O 7. d3 h6 8. Ne4
Be7 9. a3 Nd4 10. Nxd4 exd4 11. b4 b6 12. Nd2 Rb8 13. Bb2 c5 14. b5 Bb7 15. a4
Bxg2 16. Kxg2 Qc7 17. Nb3 Qb7+ 18. Kg1 Bg5 19. e4 Be3 20. Qxg4 Bg5 21. f4 Be7
22. f5 Bg5 23. a5 Be3+ 24. Kg2 bxa5 25. Rf3 a4 26. Rxa4 Rfe8 27. Rxe3 dxe3 28.
Qxg7# {anantadr won by checkmate} 1-0

[Event "Live Chess"]
[Site "Chess.com"]
[Date "2020.04.04"]
[Round "?"]
[White "Zhang, Michelle"]
[Black "Ruff, Lois"]
[Result "1-0"]
[WhiteElo "1267"]
[BlackElo "1027"]
[PlyCount "59"]
[EventDate "2020.??.??"]
[TimeControl "5400+30"]

1. e4 c6 2. d4 d5 3. exd5 cxd5 4. Nf3 Nc6 5. c4 Bg4 6. Nc3 e6 7. Be3 Nf6 8. Bd3
Bb4 9. O-O O-O 10. Rc1 Rc8 11. Qe2 Bxc3 12. bxc3 Ne4 13. h3 Bh5 14. Kh1 Qa5 15.
Rg1 Nxc3 16. Qc2 Ne4 17. Bxe4 dxe4 18. Qxe4 Bg6 19. Qg4 Qxa2 20. h4 Bf5 21. Qg3
Ne7 22. h5 Rxc4 23. Bh6 g6 24. Bxf8 Rxc1 25. Rxc1 Kxf8 26. Qb8+ Kg7 27. h6+
Kxh6 28. Qf8+ Kh5 29. Qxe7 Qxf2 30. Qg5# {michesslover won by checkmate} 1-0

[Event "Live Chess"]
[Site "Chess.com"]
[Date "2020.04.05"]
[Round "?"]
[White "Zhang, Michelle"]
[Black "Harriman, Grady"]
[Result "1-0"]
[WhiteElo "1267"]
[BlackElo "285"]
[PlyCount "27"]
[EventDate "2020.??.??"]
[TimeControl "5400+30"]

1. e4 e5 2. Nf3 Nc6 3. Bc4 Nf6 4. d3 Bc5 5. Nc3 O-O 6. Bg5 d6 7. Nd5 Nd4 8.
Nxd4 Bxd4 9. Nxf6+ gxf6 10. Bh6 Bxb2 11. Qf3 Bxa1 12. Qg3+ Bg4 13. Qxg4+ Kh8
14. Qg7# {michesslover won by checkmate} 1-0

[Event "Live Chess"]
[Site "Chess.com"]
[Date "2020.04.05"]
[Round "?"]
[White "Willy, Stephen"]
[Black "Wang, Jalen"]
[Result "1-0"]
[WhiteElo "1137"]
[BlackElo "1263"]
[PlyCount "77"]
[EventDate "2020.??.??"]
[TimeControl "5400+30"]

1. e4 c5 2. Nf3 d6 3. Nc3 Nc6 4. Bc4 Nf6 5. d4 cxd4 6. Nxd4 g6 7. Be3 Bg7 8.
Qd2 Ng4 9. O-O-O Nxe3 10. fxe3 O-O 11. h4 h5 12. Be2 Ne5 13. Nf3 Ng4 14. Nh2
Nf2 15. g4 hxg4 16. Nxg4 Bxg4 17. Bxg4 Nxg4 18. Rdg1 Nf6 19. Qg2 Nh5 20. Ne2
Qa5 21. a3 Qb6 22. Nd4 Bxd4 23. exd4 Qxd4 24. Qf3 Qf6 25. Qxh5 Qf4+ 26. Kb1
Qxe4 27. Qh6 Qe5 28. h5 Qh8 29. Qg5 Qg7 30. hxg6 fxg6 31. Qd5+ Rf7 32. Qe6 Kf8
33. Rxg6 Rf6 34. Rxg7 Rxe6 35. Rhh7 Re8 36. Rg2 Rf6 37. Rhg7 e5 38. Rg8+ Kf7
39. R2g7+ {Stephenwilly won by resignation} 1-0

[Event "Live Chess"]
[Site "Chess.com"]
[Date "2020.04.05"]
[Round "?"]
[White "Kona, Vidip"]
[Black "Wang, Jalen"]
[Result "1-0"]
[WhiteElo "1261"]
[BlackElo "1263"]
[PlyCount "33"]
[EventDate "2020.??.??"]
[TimeControl "5400+30"]

1. e4 c5 2. Nf3 d6 3. d4 cxd4 4. Nxd4 Nf6 5. Nc3 g6 6. g3 Bg7 7. Bg2 Nc6 8. O-O
Nxe4 9. Nxc6 Nxc3 10. bxc3 bxc6 11. Bxc6+ Bd7 12. Bxa8 Bxc3 13. Rb1 Qxa8 14.
Qd3 Bh3 15. f3 Bxf1 16. Qxc3 O-O 17. Bh6 {vidipkona won by resignation} 1-0

[Event "Live Chess"]
[Site "Chess.com"]
[Date "2020.04.04"]
[Round "?"]
[White "Shanmugam, Meera"]
[Black "Verma, Darsh"]
[Result "1-0"]
[WhiteElo "1224"]
[BlackElo "840"]
[PlyCount "75"]
[EventDate "2020.??.??"]
[TimeControl "5400+30"]

1. e4 e5 2. Nf3 Nc6 3. Bc4 Bc5 4. c3 Nf6 5. d3 O-O 6. b4 Bd6 7. O-O a5 8. b5
Ne7 9. a4 c6 10. Nbd2 b6 11. Bb3 Bc7 12. Re1 Re8 13. Nf1 d5 14. exd5 Nexd5 15.
c4 Nb4 16. d4 exd4 17. Rxe8+ Qxe8 18. Nxd4 Qd8 19. Bg5 c5 20. Qf3 Bg4 21. Bxf6
Bxf3 22. Bxd8 Rxd8 23. Nxf3 Rd3 24. Re1 Bd6 25. N1d2 h6 26. h3 Bf4 27. Rd1 Bc7
28. Ne1 Rd7 29. Ne4 Re7 30. f3 f5 31. Nc3 Bg3 32. Nc2 Nxc2 33. Bxc2 g6 34. Nd5
Re5 35. Nxb6 Re8 36. Nd7 Rc8 37. Rd5 Re8 38. Nf6+ {artistqueen won by
resignation} 1-0

[Event "Live Chess"]
[Site "Chess.com"]
[Date "2020.04.04"]
[Round "?"]
[White "Harriman, Grady"]
[Black "Shanmugam, Meera"]
[Result "0-1"]
[WhiteElo "285"]
[BlackElo "1224"]
[PlyCount "56"]
[EventDate "2020.??.??"]
[TimeControl "5400+30"]

1. e4 e5 2. Nf3 Nf6 3. Nxe5 d6 4. Nf3 Nxe4 5. Qe2 Qe7 6. d4 d5 7. Ng5 Bf5 8. f3
Nxg5 9. Bxg5 Qxe2+ 10. Bxe2 Nc6 11. Bb5 f6 12. Bf4 O-O-O 13. O-O Nxd4 14. Nc3
Bb4 15. Ba4 Bxc3 16. bxc3 Ne2+ 17. Kf2 Nxf4 18. g3 Nh3+ 19. Ke3 c6 20. Kd4 Rhe8
21. c4 dxc4+ 22. Kxc4 b5+ 23. Bxb5 cxb5+ 24. Kxb5 Bxc2 25. Rfc1 Rd2 26. Rab1
Kd8 27. Rb2 Bd3+ 28. Ka4 Rxb2 {artistqueen won by resignation} 0-1

[Event "Live Chess"]
[Site "Chess.com"]
[Date "2020.04.05"]
[Round "?"]
[White "Willy, Stephen"]
[Black "Shanmugam, Meera"]
[Result "1-0"]
[WhiteElo "1137"]
[BlackElo "1224"]
[PlyCount "67"]
[EventDate "2020.??.??"]
[TimeControl "5400+30"]

1. e4 e5 2. Nf3 Nf6 3. d3 Nc6 4. Nc3 Bc5 5. Be3 Bxe3 6. fxe3 Ng4 7. h3 Nxe3 8.
Qd2 Nxf1 9. Rxf1 d6 10. Ng5 f6 11. Nf3 O-O 12. g4 Be6 13. Rg1 h6 14. h4 Qd7 15.
g5 fxg5 16. hxg5 Rxf3 17. gxh6 Rf7 18. O-O-O Nd4 19. Rg3 Bg4 20. Rh1 Raf8 21.
Qg2 Bf3 22. Rxg7+ Kh8 23. Qg6 Bxe4 24. dxe4 Rf1+ 25. Rxf1 Rxf1+ 26. Kd2 Rf2+
27. Ke1 Rf1+ 28. Kxf1 Qh3+ 29. Ke1 Nxc2+ 30. Kd2 Qh2+ 31. Ne2 Qxe2+ 32. Kxe2
Nd4+ 33. Kd3 Ne6 34. Qh7# {Stephenwilly won by checkmate} 1-0

[Event "Live Chess"]
[Site "Chess.com"]
[Date "2020.04.04"]
[Round "?"]
[White "Fobian, Christian"]
[Black "Hack, Don"]
[Result "0-1"]
[WhiteElo "1002"]
[BlackElo "1204"]
[PlyCount "66"]
[EventDate "2020.??.??"]
[TimeControl "5400+30"]

1. d4 d5 2. c4 c6 3. cxd5 cxd5 4. Nc3 Nc6 5. Nf3 Nf6 6. Bf4 e6 7. e3 Be7 8. Be2
O-O 9. Qc2 a6 10. O-O b5 11. Nxb5 axb5 12. Qxc6 Bd7 13. Qc2 b4 14. b3 Ne4 15.
Bd3 Rc8 16. Qb2 Nc3 17. Ne5 Bb5 18. Bxb5 Nxb5 19. Rac1 Nc3 20. f3 f6 21. Nd3
Bd6 22. a3 bxa3 23. Qf2 Bxf4 24. Nxf4 Qb6 25. Qc2 e5 26. dxe5 Qxe3+ 27. Qf2
Qxf4 28. exf6 Ne2+ 29. Qxe2 Rxc1 30. Qe6+ Kh8 31. fxg7+ Kxg7 32. g3 Rxf1+ 33.
Kxf1 Qxf3+ {nonightlive won by resignation} 0-1

[Event "Live Chess"]
[Site "Chess.com"]
[Date "2020.04.04"]
[Round "?"]
[White "Ehrenberg, Joshua"]
[Black "Devadithya, Hiruna"]
[Result "0-1"]
[WhiteElo "673"]
[BlackElo "1148"]
[PlyCount "110"]
[EventDate "2020.??.??"]
[TimeControl "5400+30"]

1. c4 e5 2. Nc3 Nf6 3. g3 c6 4. Bg2 d5 5. d3 Bb4 6. Bd2 Be6 7. e4 dxc4 8. dxc4
Bxc4 9. Qa4 Bxc3 10. Qxc4 Qxd2+ 11. Kf1 Bxb2 12. Rb1 Qd4 13. Qxd4 Bxd4 14. Rxb7
O-O 15. Bh3 Nxe4 16. Nf3 Nxf2 17. Nxd4 Nxh3 18. Nf5 Na6 19. Ne7+ Kh8 20. Nxc6
Rfc8 21. Nxa7 Rc7 22. Rxc7 Nxc7 23. Nc6 Rxa2 24. Nxe5 Kg8 25. Nf3 Rf2+ 26. Ke1
Rxf3 27. Ke2 Rf2+ 28. Ke3 g6 29. Rc1 Ne6 30. Rc4 Rxh2 31. Rh4 Neg5 32. Rb4 Rf2
33. g4 Kg7 34. Rb3 Rf3+ 35. Kd4 Rxb3 36. Kc4 Rf3 37. Kd4 Nf2 38. Ke5 f6+ 39.
Kd6 h5 40. gxh5 gxh5 41. Ke7 Re3+ 42. Kd8 Re6 43. Kd7 Kf7 44. Kd8 Re7 45. Kc8
Ne6 46. Kb8 Rd7 47. Ka8 Rc7 48. Kb8 Ne4 49. Ka8 N4c5 50. Kb8 Ke7 51. Ka8 Kd6
52. Kb8 Kc6 53. Ka8 Kb6 54. Kb8 Na6+ 55. Ka8 Ra7# {Hiruna4 won by checkmate}
0-1

[Event "Live Chess"]
[Site "Chess.com"]
[Date "2020.04.05"]
[Round "?"]
[White "Harriman, Grady"]
[Black "Devadithya, Hiruna"]
[Result "0-1"]
[WhiteElo "285"]
[BlackElo "1148"]
[PlyCount "56"]
[EventDate "2020.??.??"]
[TimeControl "5400+30"]

1. e4 c5 2. Nf3 d6 3. d4 cxd4 4. Nxd4 Nf6 5. Bd3 a6 6. c4 Nbd7 7. Nc3 g6 8. Bg5
Bg7 9. Bxf6 Nxf6 10. Nf3 O-O 11. O-O Be6 12. Re1 Qc7 13. e5 Nd7 14. exd6 exd6
15. Ng5 Bxc4 16. Bxc4 Qxc4 17. Qxd6 Rad8 18. Re7 Bxc3 19. bxc3 Qxc3 20. Rd1 Qa5
21. Rxd7 Rxd7 22. Qxd7 Qxg5 23. f4 Qxf4 24. Qxb7 Qe3+ 25. Kf1 Qe6 26. a4 Qc4+
27. Kf2 Qxa4 28. Qe7 Qxd1 {Hiruna4 won by resignation} 0-1

[Event "Live Chess"]
[Site "Chess.com"]
[Date "2020.04.05"]
[Round "?"]
[White "Ruff, Lois"]
[Black "Harriman, Grady"]
[Result "0-1"]
[WhiteElo "1027"]
[BlackElo "285"]
[PlyCount "64"]
[EventDate "2020.??.??"]
[TimeControl "5400+30"]

1. e4 e5 2. Nf3 Nc6 3. Bb5 Nf6 4. O-O Nxe4 5. d4 exd4 6. Re1 d5 7. Nxd4 Bd7 8.
Nxc6 Bxc6 9. Bxc6+ bxc6 10. Kh1 Be7 11. f3 Nf2+ 12. Kg1 Nxd1 13. Rxd1 Bc5+ 14.
Kh1 O-O 15. Re1 Qh4 16. Rf1 Rfe8 17. Bd2 Bf2 18. Nc3 Bg3 19. h3 d4 20. Ne4 f5
21. Nxg3 Qxg3 22. Rae1 g6 23. Rxe8+ Rxe8 24. b3 Re2 25. Rg1 Rxd2 26. b4 Kg7 27.
a4 Kf6 28. b5 cxb5 29. axb5 Kg5 30. f4+ Kh4 31. b6 cxb6 32. c3 dxc3 {
AKingsKnightmare won by resignation} 0-1

[Event "Live Chess"]
[Site "Chess.com"]
[Date "2020.04.04"]
[Round "?"]
[White "Nallabothula, Vineesh"]
[Black "Yadav, Arjun"]
[Result "1-0"]
[WhiteElo "1025"]
[BlackElo "553"]
[PlyCount "135"]
[EventDate "2020.??.??"]
[TimeControl "5400+30"]

1. e4 c5 2. Nc3 Nc6 3. g3 e6 4. Bg2 Nf6 5. d3 d5 6. Bg5 dxe4 7. Nxe4 Be7 8.
Bxf6 Bxf6 9. Nxc5 Bxb2 10. Rb1 Bc3+ 11. Kf1 O-O 12. Nxb7 Bxb7 13. Rxb7 Nd4 14.
h4 f5 15. h5 f4 16. Qg4 Rf7 17. Rxf7 Kxf7 18. Bxa8 Qxa8 19. Qxf4+ Kg8 20. Rh4
Nf5 21. Rg4 Qh1 22. Qb8+ Kf7 23. Qc7+ Kf6 24. Qxc3+ Ke7 25. Qc5+ Kf6 26. Qxa7
Qxh5 27. Rf4 Qd1+ 28. Kg2 Qxc2 29. Qd4+ Kf7 30. Rxf5+ exf5 31. Qc4+ Qxc4 32.
dxc4 Ke6 33. Kf3 Ke5 34. Ne2 g5 35. g4 f4 36. c5 Kd5 37. c6 Kxc6 38. Ke4 Kd6
39. Kf5 f3 40. Nc3 Kc5 41. Kxg5 Kd4 42. Kf4 Kxc3 43. Kxf3 Kb2 44. Kg3 Kxa2 45.
Kh4 Kb3 46. Kh5 Kc4 47. Kh6 Kd5 48. f4 Ke4 49. g5 Kf5 50. Kxh7 Kxf4 51. g6 Kf5
52. g7 Kf4 53. g8=Q Ke4 54. Qf7 Ke5 55. Qf3 Kd4 56. Qe2 Kc3 57. Qd1 Kc4 58. Qd2
Kc5 59. Qd3 Kc6 60. Qd4 Kb7 61. Qc5 Ka8 62. Qb4 Ka7 63. Kg7 Ka6 64. Kf7 Ka7 65.
Ke7 Ka6 66. Kd7 Ka7 67. Kc7 Ka6 68. Qb6# {GoldDragon2 won by checkmate} 1-0

[Event "Live Chess"]
[Site "Chess.com"]
[Date "2020.04.05"]
[Round "?"]
[White "Ehrenberg, Joshua"]
[Black "Nallabothula, Vineesh"]
[Result "0-1"]
[WhiteElo "673"]
[BlackElo "1025"]
[PlyCount "96"]
[EventDate "2020.??.??"]
[TimeControl "5400+30"]

1. c4 c5 2. Nc3 Nc6 3. g3 d6 4. Bg2 Nf6 5. e4 e5 6. d3 Be6 7. Nge2 Qd7 8. O-O
Bh3 9. Bxh3 Qxh3 10. f3 h5 11. Bg5 Nh7 12. Qd2 Nxg5 13. Qxg5 h4 14. Qg4 hxg3
15. Qxh3 Rxh3 16. Nxg3 O-O-O 17. Nd5 Be7 18. Nxe7+ Nxe7 19. b4 Rdh8 20. Rf2
cxb4 21. Rb1 a5 22. Nf5 Nxf5 23. exf5 R3h5 24. Rbb2 Rxf5 25. Rg2 g6 26. Rbf2
Rhh5 27. Rg3 Rhg5 28. Rxg5 Rxg5+ 29. Kf1 Kc7 30. h4 Rh5 31. Rh2 g5 32. Kg2 Rxh4
33. Rxh4 gxh4 34. Kh3 a4 35. Kxh4 b3 36. Kg5 b2 37. Kf6 b1=Q 38. Kxf7 Qxd3 39.
Ke7 Qh7+ 40. Ke6 Qh3+ 41. Kd5 Qxf3+ 42. Ke6 Kd8 43. Kxd6 Qd3+ 44. Kc5 Qd4+ 45.
Kb5 e4 46. Kxa4 Qxc4+ 47. Ka5 Kc7 48. a4 Qc5# {GoldDragon2 won by checkmate}
0-1

[Event "Live Chess"]
[Site "Chess.com"]
[Date "2020.04.05"]
[Round "?"]
[White "M. Zhang, Michael"]
[Black "Ehrenberg, Joshua"]
[Result "0-1"]
[WhiteElo "977"]
[BlackElo "673"]
[PlyCount "78"]
[EventDate "2020.??.??"]
[TimeControl "5400+30"]

1. e4 e5 2. Nf3 Nf6 3. Nc3 Bb4 4. Nxe5 Bxc3 5. dxc3 Qe7 6. Bf4 d6 7. Nf3 Nxe4
8. Qe2 O-O 9. O-O-O Re8 10. Re1 Nc6 11. Bg5 Nxg5 12. Nxg5 Qxg5+ 13. Kb1 Rxe2
14. Rxe2 Bf5 15. h4 Qd8 16. g3 Qd7 17. Bg2 Re8 18. Rhe1 Rxe2 19. Rxe2 h6 20. f3
Bh3 21. Bxh3 Qxh3 22. Re8+ Kh7 23. a3 Qxg3 24. h5 Qxf3 25. Rf8 f5 26. Rf7 f4
27. Rf5 Qf1+ 28. Ka2 f3 29. Rf4 f2 30. Rf3 Qe2 31. Rf4 f1=Q 32. Rxf1 Qxf1 33.
b3 Qc1 34. c4 Qxc2+ 35. Ka1 g5 36. b4 g4 37. c5 g3 38. b5 g2 39. b6 g1=R# {
Joshua669 won by checkmate} 0-1

[Event "Live Chess"]
[Site "Chess.com"]
[Date "2020.04.05"]
[Round "?"]
[White "Yadav, Arjun"]
[Black "M. Zhang, Michael"]
[Result "0-1"]
[WhiteElo "553"]
[BlackElo "977"]
[PlyCount "66"]
[EventDate "2020.??.??"]
[TimeControl "5400+30"]

1. f4 Nf6 2. Nf3 Nc6 3. e3 e6 4. Be2 Bc5 5. d4 Be7 6. c4 d5 7. cxd5 exd5 8. a3
Ne4 9. Nbd2 O-O 10. O-O Nxd2 11. Bxd2 Bd6 12. Rc1 Qf6 13. Bd3 Bg4 14. e4 dxe4
15. Bxe4 Nxd4 16. Bxb7 Nxf3+ 17. Bxf3 Bxf3 18. Rxf3 Rfe8 19. Qc2 Re2 20. Rh3 h6
21. Kf1 Rxd2 22. Qxd2 Bxf4 23. Qc2 Bxc1+ 24. Rf3 Qa6+ 25. Rd3 Rd8 26. Ke2 Qe6+
27. Re3 Qxe3+ 28. Kf1 Re8 29. Qd1 Qf4+ 30. Kg1 Qe3+ 31. Kf1 Qf4+ 32. Kg1 Be3+
33. Kh1 Bf2 {zygarde0 won by resignation} 0-1

[Event "Live Chess"]
[Site "Chess.com"]
[Date "2020.04.05"]
[Round "?"]
[White "Huffaker, Jacob"]
[Black "Verma, Darsh"]
[Result "1/2-1/2"]
[WhiteElo "889"]
[BlackElo "840"]
[PlyCount "53"]
[EventDate "2020.??.??"]
[TimeControl "5400+30"]

1. e4 e5 2. Bc4 Nc6 3. Nf3 Bc5 4. Nc3 Nf6 5. Na4 Be7 6. d3 a6 7. Nc3 O-O 8. Bg5
d6 9. h3 Nd4 10. Nxd4 exd4 11. Ne2 c5 12. c3 d5 13. Bxf6 dxc4 14. Bxe7 Qxe7 15.
cxd4 cxd4 16. O-O cxd3 17. Qxd3 Rd8 18. Rfd1 Qb4 19. Qb3 Qxb3 20. axb3 d3 21.
f3 Bxh3 22. gxh3 dxe2 23. Rxd8+ Rxd8 24. Re1 Rd2 25. Kf2 Rxb2 26. Rxe2 Rxe2+
27. Kxe2 {Game drawn by agreement} 1/2-1/2

[Event "Live Chess"]
[Site "Chess.com"]
[Date "2020.04.04"]
[Round "?"]
[White "Verma, Darsh"]
[Black "Yadav, Arjun"]
[Result "1-0"]
[WhiteElo "840"]
[BlackElo "553"]
[PlyCount "105"]
[EventDate "2020.??.??"]
[TimeControl "5400+30"]

1. e4 c5 2. Nf3 Nc6 3. Bc4 e6 4. Nc3 Nf6 5. O-O d5 6. exd5 exd5 7. Bb5 Bd7 8.
Re1+ Be7 9. Bxc6 Bxc6 10. Qe2 d4 11. Nd1 Bxf3 12. Qxf3 O-O 13. Qxb7 Re8 14. Qf3
Bd6 15. Rxe8+ Qxe8 16. g3 h5 17. c3 h4 18. gxh4 Rd8 19. b3 Qe5 20. Qg2 Qh5 21.
Bb2 Qxh4 22. h3 Re8 23. Kf1 Qh5 24. f3 Qh4 25. Nf2 Re5 26. Ne4 Nxe4 27. fxe4
Rg5 28. Qh1 Qf4+ 29. Ke2 Qg3 30. Rf1 Qg2+ 31. Qxg2 Rxg2+ 32. Kd1 Be5 33. Kc2
dxc3 34. Bxc3 Bxc3 35. Kxc3 Rg3+ 36. Kc4 Rxh3 37. Kxc5 Rh2 38. Rd1 Re2 39. d4
Rxe4 40. d5 Kf8 41. d6 Ke8 42. Kc6 Kd8 43. Rf1 f6 44. Rg1 g5 45. Rh1 Re8 46.
Rh7 Re2 47. Rh8+ Re8 48. Rxe8+ Kxe8 49. Kc7 g4 50. d7+ Kf7 51. d8=Q g3 52. Qd2
g2 53. Qxg2 {DabDude125 won by resignation} 1-0